 Dungeon Crawl Stone Soup version 0.30-a0-930-gb9d0489357 (webtiles) character file.

Game seed: 4649401187728990185

1472 cforsyth the Ogre Mage (level 8, -1/67 HPs)
             Began as an Ogre Summoner on Mar 24, 2023.
             Was an Initiate of Gozag.
             Shot with an arrow by a centaur (11 damage)
             ... on level 5 of the Dungeon.
             The game lasted 00:16:56 (6522 turns).

cforsyth the Ogre Mage (Ogre Summoner)              Turns: 6522, Time: 00:16:57

Health: -1/67      AC:  6    Str: 13    XL:     8   Next: 78%
Magic:  1/18       EV: 10    Int: 18    God:    Gozag
Gold:   343        SH:  0    Dex:  9    Spells: 8/21 levels left

rFire   . . .      SeeInvis .    (no weapon)
rCold   + . .      Faith    .    (no shield)
rNeg    . . .      Spirit   .    a - +0 robe
rPois   .          Reflect  .    (helmet restricted)
rElec   .          Rampage  .    i - +2 cloak
rCorr   .                        (gloves unavailable)
Will    .....                    (boots unavailable)
Stlth   ++                       g - amulet of regeneration
HPRegen 1.11/turn                j - ring of protection from cold
MPRegen 0.16/turn                (no ring)

@: no status effects
A: large, unfitting armour, tough skin 1
a: Renounce Religion, Potion Petition, Call Merchant, Bribe Branch


You were on level 5 of the Dungeon.
You worshipped Gozag.
Gozag was aware of your devotion.
You visited 2 branches of the dungeon, and saw 6 of its levels.

You collected 416 gold pieces.
You paid 73 gold pieces to Gozag.

Inventory:

Missiles
 q - a throwing net
Armour
 a - a +0 robe (worn)
 f - the +0 kite shield "Qyes Unn" {rF+ rC+ Slay+5}
   (You acquired it on level 5 of the Dungeon)

   Slay:      It affects your accuracy & damage with ranged weapons and melee
   (+5).
   rF:        It protects you from fire.
   rC:        It protects you from cold.
 i - a +2 cloak (worn)
Jewellery
 g - an amulet of regeneration (around neck)
 j - a ring of protection from cold (left hand)
 m - an amulet of the acrobat
Scrolls
 c - a scroll of poison
 d - 2 scrolls of blinking {unknown}
 k - a scroll of amnesia
 l - a scroll of butterflies
 n - a scroll of identify
 s - 2 scrolls of teleportation
Potions
 b - a potion of magic
 e - 2 potions of haste
 h - a potion of curing
 o - a potion of mutation
 p - 3 potions of brilliance


   Skills:
 - Level 2.0 Dodging
 - Level 1.7 Stealth
 + Level 7.0 Spellcasting
 + Level 3.6 Hexes
 + Level 6.6 Summonings
 + Level 3.6 Air Magic


You had 8 spell levels left.
You knew the following spells:

 Your Spells              Type           Power      Damage    Failure   Level
a - Summon Small Mammal   Summ           100%       N/A       1%          1
b - Call Imp              Summ           30%        N/A       1%          2
c - Call Canine Familiar  Summ           30%        N/A       2%          3
d - Summon Guardian Gole  Hex/Summ       24%        N/A       4%          3
e - Summon Lightning Spi  Summ/Air       24%        N/A       13%         4

Your spell library contained the following spells:

 Spells                   Type           Power      Damage    Failure   Level
 Summon Ice Beast         Ice/Summ       18%        N/A       28%         4
 Frozen Ramparts          Ice            12%        1d2       32%         3
 Ice Form                 Ice/Tmut       6%         N/A       71%         4


Dungeon Overview and Level Annotations

Branches:
Dungeon (5/15)             Temple (1/1) D:4

Altars:
Ashenzari
Cheibriados
Fedhas
Gozag
Hepliaklqana
Makhleb
Nemelex Xobeh
Okawaru
Sif Muna
Trog
Uskayaw
Vehumet
Wu Jian
Yredelemnul
Zin

Annotations:
D:3 2 transporters, hikkokomori's ghost, amateur FoHu
D:4 1 runed translucent door, kenny's ghost, amateur DECj
D:5 Pikel


Innate Abilities, Weirdness & Mutations

You are too large for most types of armour.
You have tough skin. (AC +1)


Message History

The centaur shoots an arrow.
The arrow hits you!
The centaur shoots an arrow.
The arrow hits you!
Casting: Call Canine Familiar (dangerous; 2% risk of failure)
Confirm with . or Enter, or press ? or * to list all spells.
The centaur shoots an arrow.
The arrow misses your hound. The arrow hits you!
The centaur shoots an arrow.
The arrow hits your hound!
The centaur shoots an arrow.
The arrow closely misses your hound. The arrow closely misses you.
Your hound bites the centaur.
The centaur shoots an arrow.
The arrow barely misses your hound. The arrow hits you!
Your hound bites the centaur.
The centaur shoots an arrow.
The arrow misses your hound. The arrow hits you!
* * * LOW HITPOINT WARNING * * *
The centaur shoots an arrow.
The arrow hits your hound!
The centaur shoots an arrow.
The arrow closely misses your hound. The arrow hits you.
* * * LOW HITPOINT WARNING * * *
The centaur shoots an arrow.
The arrow closely misses your hound. The arrow misses you.
You feel much better.
The centaur shoots an arrow.
The arrow closely misses your hound. The arrow closely misses you.
The centaur shoots an arrow.
The arrow barely misses your hound. The arrow hits you!
The centaur shoots an arrow.
The arrow hits your hound!
Your hound dies!
Your hound's corpse disappears in a puff of smoke!
The centaur shoots an arrow.
The arrow hits you.
The centaur shoots an arrow.
The arrow hits you!
* * * LOW HITPOINT WARNING * * *
Casting: Call Canine Familiar (dangerous; 2% risk of failure)
Confirm with . or Enter, or press ? or * to list all spells.
The centaur shoots an arrow.
The arrow closely misses you.
The centaur shoots an arrow.
The arrow hits you!
* * * LOW HITPOINT WARNING * * *
You swap places.
The centaur shoots an arrow.
The arrow completely misses your hound. The arrow hits you.
* * * LOW HITPOINT WARNING * * *
The centaur shoots an arrow.
The arrow completely misses your hound. The arrow hits you!
You die...
Your body crumbles into a pile of gold.

######.# #.### #..... ##'## #.#
#.##.# ##...## #.# #.##.# #
##.....## #.# #..... ###.......##
##.## ###..#
##.........####...###########...#
.+.........'.....................
##.........####...###########...#
###.......## ##@## ##..# #
##.....## #.# ##.# # ##...## #h#
#.# ## ##'## #.# #.# .# #.# #.#
#.# .# #.###### #.# #####)# .#
##......# #.# #...... .#
##...###.####c# #.#####
.###.............# #)#


You could see a centaur (ally target) and a friendly hound (summoned).

Vanquished Creatures
  2 jackals (D:2)
2 creatures vanquished.

Vanquished Creatures (collateral kills)
  Prince Ribbit (D:5)
  Sigmund (D:2)
  A scorpion (D:5)
  2 gnoll boudas (D:3)
  A hound (D:3)
  3 orc priests
  2 iguanas
  2 orc wizards
  8 adders
  20 gnolls (D:3)
  An ufetubus (D:5)
  2 adder zombies (D:4)
  A worm (D:2)
  5 dart slugs
  21 orcs
  5 endoplasms
  6 giant cockroaches
  4 goblins
  3 hobgoblins
  20 jackals
  A quokka (D:4)
  7 ball pythons
  4 bats
  4 frilled lizards
  9 kobolds
  2 rats (D:1)
136 creatures vanquished.

Vanquished Creatures (others)
  Duvessa (D:4)
  An orc warrior (D:5)
  A gnoll sergeant (D:3)
  A scorpion (D:5)
  Dowan (D:4)
  A gnoll (D:3)
  3 fungi
9 creatures vanquished.

Grand Total: 147 creatures vanquished

Notes
Turn   | Place    | Note
-------+----------+-------------------------------------------
     0 | D:1      | cforsyth the Ogre Summoner began the quest for the Orb.
     0 | D:1      | Reached XP level 1. HP: 16/16 MP: 3/3
   157 | D:1      | Reached XP level 2. HP: 24/24 MP: 1/5
   541 | D:1      | Learned a level 2 spell: Call Imp
   967 | D:2      | Reached skill level 3 in Spellcasting
   967 | D:2      | Reached XP level 3. HP: 31/31 MP: 2/7
  1066 | D:2      | Noticed Sigmund
  1207 | D:2      | Learned a level 3 spell: Call Canine Familiar
  1393 | D:2      | Killed Sigmund
  1394 | D:2      | Reached skill level 4 in Spellcasting
  1394 | D:2      | Reached XP level 4. HP: 39/39 MP: 6/10
  1394 | D:2      | Reached XP level 5. HP: 45/45 MP: 6/11
  1913 | D:2      | Reached skill level 5 in Summonings
  2424 | D:3      | Found a transporter.
  2427 | D:3      | Noticed hikkokomori's ghost (amateur FoHu)
  2517 | D:3      | Reached XP level 6. HP: 53/53 MP: 4/13
  2527 | D:3      | Reached skill level 5 in Spellcasting
  2867 | D:3      | Learned a level 3 spell: Summon Guardian Golem
  2872 | D:3      | Learned a level 4 spell: Summon Lightning Spire
  3003 | D:3      | Found a transporter.
  3385 | D:3      | Reached skill level 1 in Hexes
  3385 | D:3      | Reached skill level 1 in Air Magic
  3403 | D:3      | Reached XP level 7. HP: 59/59 MP: 9/15
  4021 | D:3      | Reached skill level 6 in Spellcasting
  4208 | D:4      | Found a staircase to the Ecumenical Temple.
  4237 | Temple   | Entered the Ecumenical Temple
  4264 | Temple   | Became a worshipper of Gozag Ym Sagoz the Greedy
  4364 | D:4      | Found a basalt altar of Yredelemnul.
  4402 | D:4      | Found a runed translucent door.
  4490 | D:4      | Noticed kenny's ghost (amateur DECj)
  4514 | D:4      | Noticed Duvessa
  4523 | D:4      | Noticed Dowan
  4536 | D:4      | Killed Duvessa
  4537 | D:4      | Reached XP level 8. HP: 67/67 MP: 7/17
  4571 | D:4      | Killed Dowan
  5338 | D:5      | Entered Level 5 of the Dungeon
  5344 | D:5      | Identified a scroll of acquirement
  5347 | D:5      | Acquired the +0 kite shield "Qyes Unn" {rF+ rC+ Slay+5}
  6127 | D:5      | Noticed Prince Ribbit
  6142 | D:5      | Killed Prince Ribbit
  6143 | D:5      | Reached skill level 7 in Spellcasting
  6236 | D:5      | Noticed Pikel
  6384 | D:5      | Noticed a nameless horror
  6522 | D:5      | Shot with an arrow by a centaur

Illustrated notes

Levels and vault maps discovered:
D:1:      dpeg_arrival_tiny_a, layout_rooms
D:2:      layout_basic, uniq_sigmund, uniq_crazy_yiuf_cottage
D:3:      lemuel_castle_with_subvaults [lemuel_castle_interior_carwin_1],
          layout_basic, gammafunk_ghost_stat_death
D:4:      layout_basic, lemuel_zombie_altar_yredelemnul,
          minmay_temple_entry_stoned_glass, ebering_ghost_reflecting_pool,
          uniq_duvessa
D:5:      layout_loops_corners, uniq_pikel, uniq_blork_the_orc,
          uniq_prince_ribbit1
Temple:   nicolae_temple_the_god_donut

Skill      XL: |  1  2  3  4  5  6  7  8 |
---------------+-------------------------+-----
Dodging        | 2 |  2.0
Spellcasting   | 3 4 5 6 7 |  7.0
Summonings     | 4 5 6 |  6.6
Hexes          | 1 2 3 |  3.6
Air Magic      | 1 2 3 |  3.6
Stealth        | |  1.7

Action                     |  1- 3 |  4- 6 |  7- 9 || total
---------------------------+-------+-------+-------++-------
  Melee: Unarmed           |    22 |     4 |    11 ||    37
   Cast: Summon Small Mamm |    36 |    23 |    26 ||    85
         Call Imp          |    10 |    12 |    16 ||    38
         Call Canine Famil |     2 |    17 |    39 ||    58
         Summon Guardian G |       |     1 |    14 ||    15
         Summon Lightning  |       |       |     3 ||     3
    Use: Scroll            |     4 |       |     9 ||    13
         Potion            |     2 |       |     1 ||     3
   Stab: Invisible         |     3 |       |       ||     3
 Armour: Robe              |    31 |    17 |    14 ||    62
  Dodge: Dodged            |    59 |    28 |    52 ||   139

Table legend: (Time is in decaauts)
 A = Elapsed time spent in this place.
 B = Non-inter-level travel time spent in this place.
 C = Inter-level travel time spent in this place.
 D = Time resting spent in this place.
 E = Time spent auto-exploring this place.
 F = Levels seen in this place.
 G = Mean time per level.
                   A        B        C        D        E       F      G
               +--------+--------+--------+--------+--------+-----+--------+
         Total |   6521 |   6354 |    167 |    405 |   4093 |   6 | 1086.8 |
       Dungeon |   6473 |   6327 |    146 |    405 |   4093 |   5 | 1294.6 |
        Temple |     48 |     27 |     21 |      0 |      0 |   1 |   48.0 |
               +--------+--------+--------+--------+--------+-----+--------+

Top non-repeatable levels by time:
     D:3: 1882 daAuts
     D:2: 1552 daAuts
     D:5: 1139 daAuts
     D:4: 1131 daAuts
     D:1: 768 daAuts
  Temple: 48 daAuts
